Boston Bruins vs Hartford Whalers
Created - Thursday, April 27, 2023 at 07:36
Goals
|
| Boston Bruins |
0 |
0 |
3 |
3 |
| Hartford Whalers |
3 |
2 |
1 |
6 |
|
Shots
|
| Boston Bruins |
9 |
19 |
12 |
40 |
| Hartford Whalers |
11 |
14 |
9 |
34 |
|
1st period
1. Hartford Whalers , Marcus Foligno 12 (Taylor Hall 23, Joshua Norris 25) at 7:58
2. Hartford Whalers , Marcus Foligno 13 (Joshua Norris 26, Taylor Hall 24) at 9:27
3. Hartford Whalers , Marcus Foligno 14 (Michael Raffl 1) at 17:12 (PP)
Penalties :
Vincent Trocheck (BOS) for Tripping (Minor) at 9:38, Vincent Trocheck (BOS) for Tripping (Minor) at 13:26, Sean Durzi (BOS) for Diving (Minor) at 16:41
2nd period
4. Hartford Whalers , Anthony Mantha 12 (Josh Anderson 2, Alexander Wennberg 24) at 2:24
5. Hartford Whalers , Taylor Hall 16 (Thomas Chabot 20, Joshua Norris 27) at 17:57
Penalties :
Marcus Foligno (HFD) for Fighting (Major) at 2:32, Vincent Trocheck (BOS) for Fighting (Major) at 2:32, Taylor Hall (HFD) for Hooking (Minor) at 4:32, Thomas Chabot (HFD) for Hooking (Minor) at 12:49, Marcus Foligno (HFD) for Fighting (Major) at 15:12, Morgan Geekie (BOS) for Fighting (Major) at 15:12, Casey Cizikas (HFD) for Hooking (Minor) at 18:54
3rd period
6. Boston Bruins , Phil Kessel 20 (Charlie McAvoy 23) at 0:38 (PP)
7. Hartford Whalers , Anthony Mantha 13 (Josh Anderson 3, Alexander Wennberg 25) at 0:44
8. Boston Bruins , Pavel Zacha 20 (Phil Kessel 28, Charlie McAvoy 24) at 7:44 (PP)
9. Boston Bruins , Brock McGinn 4 (Brandon Hagel 6) at 13:10
Penalties :
Haydn Fleury (HFD) for Roughing (Minor) at 2:42, Josh Anderson (HFD) for Fighting (Major) at 7:24, Vincent Trocheck (BOS) for Fighting (Major) at 7:24, Trevor van Riemsdyk (HFD) for Tripping (Minor) at 7:27, Trevor van Riemsdyk (HFD) for Fighting (Major) at 13:38, Charlie McAvoy (BOS) for Fighting (Major) at 13:38
Goalie Stats
David Rittich (BOS), 28 saves from 34 shots - (0.824), L, 11-12-3, 60:00 minutes
Anton Forsberg (HFD), 37 saves from 40 shots - (0.925), W, 10-8-1, 60:00 minutes
Players Stats for Boston Bruins
Player Name G A P +/- PIM S H SB GA TA FO MP PP MP PK MP
------------------------------------------------------------------------------------
Anthony Beauvillier 0 0 0 0 0 1 0 0 0 0 0/4 10:07 0:00 2:10
Brandon Hagel 0 1 1 1 0 4 0 0 1 0 1/1 12:48 0:00 0:00
Brock McGinn 1 0 1 1 0 3 3 1 0 1 0/0 12:43 0:00 0:00
Charlie McAvoy 0 2 2 -3 5 2 1 1 1 2 0/0 23:40 5:19 2:28
Danton Heinen 0 0 0 0 0 0 1 0 0 1 0/1 6:53 0:00 0:00
Joel Farabee 0 0 0 -5 0 2 2 0 0 0 1/1 17:27 2:46 0:35
Joonas Donskoi 0 0 0 -5 0 0 1 0 0 0 0/0 16:47 2:46 0:00
Mason Appleton 0 0 0 0 0 0 2 0 0 0 1/9 6:12 2:07 0:00
Matt Grzelcyk 0 0 0 -2 0 1 0 6 0 1 0/0 15:33 0:00 0:00
Morgan Geekie 0 0 0 1 5 2 0 0 0 1 4/6 12:47 0:00 0:08
Pavel Zacha 1 0 1 0 0 3 0 1 2 0 0/0 20:35 5:12 1:32
Phil Kessel 1 1 2 0 0 5 3 0 1 0 0/2 21:39 5:12 2:36
Ryan Donato 0 0 0 -5 0 4 0 0 0 0 3/9 18:30 2:46 1:26
Samuel Girard 0 0 0 -3 0 4 2 1 1 0 0/0 26:04 5:19 2:28
Sean Durzi 0 0 0 1 2 1 0 0 0 0 0/0 19:53 2:39 1:30
Tyson Barrie 0 0 0 1 0 1 1 1 0 1 0/0 20:25 2:39 2:01
Victor Mete 0 0 0 -2 0 0 0 2 0 1 0/0 14:23 0:00 0:31
Vincent Trocheck 0 0 0 0 14 7 1 1 0 0 20/29 18:58 3:05 0:31
Players Stats for Hartford Whalers
Player Name G A P +/- PIM S H SB GA TA FO MP PP MP PK MP
------------------------------------------------------------------------------------
Alec Martinez 0 0 0 1 0 0 1 1 0 1 0/0 17:09 0:00 0:38
Alexander Wennberg 0 2 2 2 0 4 0 1 0 0 9/21 17:04 2:14 0:00
Alexis Lafreniere 0 0 0 0 0 2 0 1 2 1 0/1 12:44 0:04 0:17
Anthony Mantha 2 0 2 2 0 3 2 2 1 1 0/1 17:00 2:10 0:00
Brett Howden 0 0 0 1 0 0 1 0 2 0 0/0 13:36 0:00 3:46
Casey Cizikas 0 0 0 0 2 1 2 1 0 0 9/11 15:28 0:00 3:05
Haydn Fleury 0 0 0 1 2 0 0 0 0 0 0/0 16:23 0:00 0:00
Jaccob Slavin 0 0 0 2 0 0 0 1 0 0 0/0 22:20 2:31 3:41
Josh Anderson 0 2 2 2 5 2 1 0 0 0 0/0 16:05 2:14 0:00
Joshua Norris 0 3 3 2 0 4 1 0 0 0 7/16 16:49 2:15 0:00
Kevin Labanc 0 0 0 0 0 0 0 0 0 0 0/1 7:08 0:00 0:57
Marcus Foligno 3 0 3 1 10 5 1 0 1 0 3/3 13:05 2:15 0:03
Michael Raffl 0 1 1 0 0 0 3 0 0 0 2/3 12:23 2:15 4:01
Paul Byron 0 0 0 0 0 4 1 0 0 1 2/5 16:11 0:00 3:50
Taylor Hall 1 2 3 2 2 3 1 0 1 0 0/0 14:08 0:00 0:00
Thomas Chabot 0 1 1 2 2 1 1 1 0 1 0/0 21:38 2:31 2:44
Torey Krug 0 0 0 1 0 1 1 1 1 1 0/0 22:35 1:58 4:36
Trevor van Riemsdyk 0 0 0 1 7 4 2 3 0 0 0/0 20:10 1:58 4:17
3 Stars
1 - Anthony Mantha (HFD)
2 - Taylor Hall (HFD)
3 - Joshua Norris (HFD)
Power Play
Boston Bruins - 2 on 5 Attempt(s) - 40.00%
Hartford Whalers - 1 on 3 Attempt(s) - 33.33%
Penalty Kill
Boston Bruins - 2 on 3 Attempt(s) - 66.67%
- Score 0 goal in Penalty Kill
Hartford Whalers - 3 on 5 Attempt(s) - 60.00%
- Score 0 goal in Penalty Kill
Team Stat
Boston Bruins - Hits : 17 - Faceoff Wins : 30 - Blocked Shots : 14 - Penalty Minutes : 26
Hartford Whalers - Hits : 18 - Faceoff Wins : 32 - Blocked Shots : 12 - Penalty Minutes : 30
Official
Referees : Greg Kimmerly and Steve Kozari
Linesman : Darren Gibbs and Andy McElman
Game Notes
Marcus Foligno has scored a Hat Trick!
Marcus Foligno and Vincent Trocheck fight to a draw at 2:32 of 2nd period
Morgan Geekie beats up Marcus Foligno at 15:12 of 2nd period
Josh Anderson beats up Vincent Trocheck at 7:24 of 3rd period
Trevor van Riemsdyk and Charlie McAvoy fight to a draw at 13:38 of 3rd period
Finance
Level 1 -- Attendance: 4900 (49.00%) -- Ticket Income $490,000
Level 2 -- Attendance: 3784 (75.68%) -- Ticket Income $227,040
Level 3 -- Attendance: 2337 (77.90%) -- Ticket Income $81,795
Level 4 -- Attendance: 3740 (74.80%) -- Ticket Income $93,500
Luxury Box -- Attendance: 738 (73.80%) -- Ticket Income $147,600
Game was played at the Hartford Civic Center.
Total Attendance: 15499 (64.58%)
Total Ticket Income: $1,039,935
Other Income: $363,977
Total Income: $1,403,912
Boston Bruins
5 vs 5 Forward
Center Left Wing Right Wing Time % Phy DF OF
1 Vincent Trocheck Pavel Zacha Phil Kessel 40 1 2 2
2 Ryan Donato Joel Farabee Joonas Donskoi 30 1 2 2
3 Morgan Geekie Brandon Hagel Brock McGinn 20 1 2 2
4 Vincent Trocheck Anthony Beauvillier Danton Heinen 10 1 2 2
5 vs 5 Defense
Defense Defense Time % Phy DF OF
1 Charlie McAvoy Samuel Girard 40 1 2 2
2 Tyson Barrie Sean Durzi 30 1 2 2
3 Matt Grzelcyk Victor Mete 20 1 2 2
4 Charlie McAvoy Samuel Girard 10 1 2 2
PowerPlay Forward
Center Left Wing Right Wing Time % Phy DF OF
1 Vincent Trocheck Pavel Zacha Phil Kessel 60 1 2 2
2 Ryan Donato Joel Farabee Joonas Donskoi 40 1 2 2
PowerPlay Defense
Defense Defense Time % Phy DF OF
1 Charlie McAvoy Samuel Girard 60 1 2 2
2 Tyson Barrie Sean Durzi 40 1 2 2
Penalty Kill 4 Players Forward
Center Wing Time % Phy DF OF
1 Vincent Trocheck Phil Kessel 60 1 2 2
2 Pavel Zacha Joel Farabee 40 1 2 2
Penalty Kill 4 Players Defense
Defense Defense Time % Phy DF OF
1 Charlie McAvoy Samuel Girard 60 1 2 2
2 Tyson Barrie Sean Durzi 40 1 2 2
Penalty Kill - 3 Players Forward
Forward Time % Phy DF OF
1 Vincent Trocheck 60 1 2 2
2 Phil Kessel 40 1 2 2
Penalty Kill - 3 Players Defense
Defense Defense Time % Phy DF OF
1 Charlie McAvoy Samuel Girard 60 1 2 2
2 Tyson Barrie Sean Durzi 40 1 2 2
4 vs 4 Forward
Center Wing Time % Phy DF OF
1 Vincent Trocheck Phil Kessel 60 1 2 2
2 Pavel Zacha Joel Farabee 40 1 2 2
4 vs 4 Defense
Defense Defense Time % Phy DF OF
1 Charlie McAvoy Samuel Girard 60 1 2 2
2 Tyson Barrie Sean Durzi 40 1 2 2
Last Minutes Offensive
Center Left Wing Right Wing Defense Defense
Vincent Trocheck Pavel Zacha Phil Kessel Charlie McAvoy Samuel Girard
Last Minutes Defensive
Center Left Wing Right Wing Defense Defense
Vincent Trocheck Pavel Zacha Phil Kessel Charlie McAvoy Samuel Girard
Goaltenders
Starting : David Rittich
Backup : Olivier Rodrigue
Extra Forwards
Normal : Mason Appleton, Brandon Hagel, Anthony Beauvillier - PP : Mason Appleton, Brandon Hagel - PK : Anthony Beauvillier
Extra Defensemen
Normal : Matt Grzelcyk, Victor Mete, Tyson Barrie - PP : Matt Grzelcyk - PK : Victor Mete, Tyson Barrie
Penalty Shots
Vincent Trocheck, Phil Kessel, Pavel Zacha, Joel Farabee, Brandon Hagel
Hartford Whalers
5 vs 5 Forward
Center Left Wing Right Wing Time % Phy DF OF
1 Joshua Norris Taylor Hall Marcus Foligno 30 1 2 2
2 Alexander Wennberg Josh Anderson Anthony Mantha 30 1 2 2
3 Casey Cizikas Alexis Lafreniere Paul Byron 25 1 2 2
4 Michael Raffl Kevin Labanc Brett Howden 15 1 2 2
5 vs 5 Defense
Defense Defense Time % Phy DF OF
1 Jaccob Slavin Thomas Chabot 35 1 2 2
2 Torey Krug Trevor van Riemsdyk 35 1 2 2
3 Alec Martinez Haydn Fleury 30 1 2 2
4 Jaccob Slavin Thomas Chabot 0 1 2 2
PowerPlay Forward
Center Left Wing Right Wing Time % Phy DF OF
1 Joshua Norris Michael Raffl Marcus Foligno 50 1 2 2
2 Alexander Wennberg Anthony Mantha Josh Anderson 50 1 2 2
PowerPlay Defense
Defense Defense Time % Phy DF OF
1 Jaccob Slavin Thomas Chabot 50 1 2 2
2 Torey Krug Trevor van Riemsdyk 50 1 2 2
Penalty Kill 4 Players Forward
Center Wing Time % Phy DF OF
1 Casey Cizikas Michael Raffl 50 1 2 2
2 Paul Byron Brett Howden 50 1 2 2
Penalty Kill 4 Players Defense
Defense Defense Time % Phy DF OF
1 Thomas Chabot Jaccob Slavin 50 1 2 2
2 Trevor van Riemsdyk Torey Krug 50 1 2 2
Penalty Kill - 3 Players Forward
Forward Time % Phy DF OF
1 Casey Cizikas 50 1 2 2
2 Michael Raffl 50 1 2 2
Penalty Kill - 3 Players Defense
Defense Defense Time % Phy DF OF
1 Thomas Chabot Jaccob Slavin 50 1 2 2
2 Haydn Fleury Alec Martinez 50 1 2 2
4 vs 4 Forward
Center Wing Time % Phy DF OF
1 Alexander Wennberg Joshua Norris 50 1 2 2
2 Marcus Foligno Michael Raffl 50 1 2 2
4 vs 4 Defense
Defense Defense Time % Phy DF OF
1 Jaccob Slavin Thomas Chabot 50 1 2 2
2 Alec Martinez Haydn Fleury 50 1 2 2
Last Minutes Offensive
Center Left Wing Right Wing Defense Defense
Joshua Norris Taylor Hall Marcus Foligno Jaccob Slavin Thomas Chabot
Last Minutes Defensive
Center Left Wing Right Wing Defense Defense
Casey Cizikas Michael Raffl Paul Byron Jaccob Slavin Thomas Chabot
Goaltenders
Starting : Anton Forsberg
Backup : Logan Thompson
Extra Forwards
Normal : Brett Howden, Joshua Norris, Marcus Foligno - PP : Marcus Foligno, Alexander Wennberg - PK : Kevin Labanc
Extra Defensemen
Normal : Thomas Chabot, Jaccob Slavin, Torey Krug - PP : Thomas Chabot - PK : Alec Martinez, Jaccob Slavin
Penalty Shots
Brett Howden, Joshua Norris, Casey Cizikas, Marcus Foligno, Alexander Wennberg
% Time on Ice - Boston Bruins
Lines # - Real PCT - Wanted PCT - Time Play
Normal Forward
1 - 29% - 40% - 13:56
2 - 29% - 30% - 14:01
3 - 27% - 20% - 12:43
4 - 14% - 10% - 6:53
Normal Defense
1 - 39% - 40% - 18:33
2 - 33% - 30% - 15:45
3 - 27% - 20% - 12:45
4 - 1% - 10% - 0:30
PP Forward
1 - 65% - 60% - 5:12
2 - 35% - 40% - 2:46
PP Defense
1 - 67% - 60% - 5:19
2 - 33% - 40% - 2:39
PK Forward
1 - 92% - 60% - 4:08
2 - 8% - 40% - 0:21
PK Defense
1 - 55% - 60% - 2:28
2 - 45% - 40% - 2:01
PK3 Forward
1 - 0% - 60%
2 - 0% - 40%
PK3 Defense
1 - 0% - 60%
2 - 0% - 40%
44 Forward
1 - 0% - 60%
2 - 0% - 40%
44 Defense
1 - 0% - 60%
2 - 0% - 40%
Last Minute Offensive - 0:00
Last Minute Defensive - 0:00
Total
Forward - 60:00
Defense - 60:00
|
% Time on Ice - Hartford Whalers
Lines # - Real PCT - Wanted PCT - Time Play
Normal Forward
1 - 30% - 30% - 14:11
2 - 32% - 30% - 15:09
3 - 25% - 25% - 12:02
4 - 13% - 15% - 6:11
Normal Defense
1 - 31% - 35% - 14:38
2 - 34% - 35% - 16:01
3 - 34% - 30% - 16:10
4 - 2% - 0% - 0:44
PP Forward
1 - 50% - 50% - 2:15
2 - 50% - 50% - 2:14
PP Defense
1 - 56% - 50% - 2:31
2 - 44% - 50% - 1:58
PK Forward
1 - 54% - 50% - 4:18
2 - 46% - 50% - 3:40
PK Defense
1 - 47% - 50% - 3:44
2 - 53% - 50% - 4:14
PK3 Forward
1 - 0% - 50%
2 - 0% - 50%
PK3 Defense
1 - 0% - 50%
2 - 0% - 50%
44 Forward
1 - 0% - 50%
2 - 0% - 50%
44 Defense
1 - 0% - 50%
2 - 0% - 50%
Last Minute Offensive - 0:00
Last Minute Defensive - 0:00
Total
Forward - 60:00
Defense - 60:00
|
Play-by-Play
1st period
0:01 of 1st period - Vincent Trocheck wins face-off versus Joshua Norris in neutral zone.
0:10 of 1st period - Snap shot by Vincent Trocheck.
0:10 of 1st period - Stopped by Anton Forsberg with a rebound.
0:43 of 1st period - Backhand shot by Phil Kessel.
0:43 of 1st period - Shot Misses the Net.
0:45 of 1st period - Slapshot by Vincent Trocheck.
0:45 of 1st period - Stopped by Anton Forsberg with a rebound.
0:47 of 1st period - Wrist shot by Vincent Trocheck.
0:47 of 1st period - Shot Misses the Net.
1:11 of 1st period - Snap shot by Alexis Lafreniere.
1:11 of 1st period - Shot Misses the Net.
1:14 of 1st period - Icing by Vincent Trocheck.
1:15 of 1st period - Alexander Wennberg wins face-off versus Vincent Trocheck in Boston Bruins zone.
1:56 of 1st period - Snap shot by Phil Kessel.
1:56 of 1st period - Shot Misses the Net.
1:58 of 1st period - Snap shot by Pavel Zacha.
1:58 of 1st period - Shot Misses the Net.
2:06 of 1st period - Slapshot by Phil Kessel.
2:06 of 1st period - Stopped by Anton Forsberg without a rebound.
2:07 of 1st period - Ryan Donato wins face-off versus Michael Raffl in Hartford Whalers zone.
2:08 of 1st period - Slapshot by Joel Farabee.
2:08 of 1st period - Stopped by Anton Forsberg with a rebound.
2:20 of 1st period - Wrist shot by Charlie McAvoy.
2:20 of 1st period - Shot Blocked by Alec Martinez.
2:32 of 1st period - Samuel Girard is hit by Joshua Norris and loses puck.
3:58 of 1st period - Matt Grzelcyk is hit by Brett Howden and loses puck.
4:07 of 1st period - Joshua Norris is hit by Mason Appleton and loses puck.
4:24 of 1st period - Joel Farabee is hit by Josh Anderson and loses puck.
4:47 of 1st period - Tyson Barrie is hit by Michael Raffl and loses puck.
4:54 of 1st period - Wrist shot by Brett Howden.
4:54 of 1st period - Shot Blocked by Tyson Barrie.
5:04 of 1st period - Wrist shot by Paul Byron.
5:04 of 1st period - Stopped by David Rittich with a rebound.
6:30 of 1st period - Slapshot by Torey Krug.
6:30 of 1st period - Shot Misses the Net.
6:32 of 1st period - Wrist shot by Brett Howden.
6:32 of 1st period - Deflect By Kevin Labanc.
6:32 of 1st period - Shot Misses the Net.
6:32 of 1st period - Puck is out of play.
6:33 of 1st period - Marcus Foligno wins face-off versus Phil Kessel in Boston Bruins zone.
7:27 of 1st period - Trevor van Riemsdyk is hit by Vincent Trocheck and loses puck.
7:46 of 1st period - Off-side.
7:47 of 1st period - Ryan Donato wins face-off versus Joshua Norris in neutral zone.
7:56 of 1st period - Snap shot by Taylor Hall.
7:56 of 1st period - Shot Misses the Net.
7:58 of 1st period - Slapshot by Marcus Foligno.
7:58 of 1st period - Goal by Marcus Foligno - Boston Bruins : 0 - Hartford Whalers : 1.
7:59 of 1st period - Alexander Wennberg wins face-off versus Vincent Trocheck in neutral zone.
8:08 of 1st period - Slapshot by Anthony Mantha.
8:08 of 1st period - Deflect By Alexander Wennberg.
8:08 of 1st period - Stopped by David Rittich without a rebound.
8:09 of 1st period - Vincent Trocheck wins face-off versus Alexander Wennberg in Boston Bruins zone.
8:22 of 1st period - Snap shot by Vincent Trocheck.
8:22 of 1st period - Stopped by Anton Forsberg with a rebound.
8:24 of 1st period - Snap shot by Pavel Zacha.
8:24 of 1st period - Stopped by Anton Forsberg without a rebound.
8:25 of 1st period - Marcus Foligno wins face-off versus Ryan Donato in Hartford Whalers zone.
8:51 of 1st period - Haydn Fleury is hit by Samuel Girard.
9:11 of 1st period - Paul Byron is hit by Brock McGinn and loses puck.
9:19 of 1st period - Off-side.
9:20 of 1st period - Joshua Norris wins face-off versus Ryan Donato in neutral zone.
9:23 of 1st period - Wrist shot by Joshua Norris.
9:23 of 1st period - Shot Misses the Net.
9:25 of 1st period - Wrist shot by Joshua Norris.
9:25 of 1st period - Stopped by David Rittich with a rebound.
9:27 of 1st period - Wrist shot by Marcus Foligno.
9:27 of 1st period - Goal by Marcus Foligno - Boston Bruins : 0 - Hartford Whalers : 2.
9:28 of 1st period - Joshua Norris wins face-off versus Phil Kessel in neutral zone.
9:38 of 1st period - Minor Penalty to Vincent Trocheck for Tripping.
9:39 of 1st period - Joshua Norris wins face-off versus Anthony Beauvillier in Boston Bruins zone.
9:41 of 1st period - Snap shot by Joshua Norris.
9:41 of 1st period - Shot Misses the Net.
11:38 of 1st period - Penalty to Vincent Trocheck is over, Vincent Trocheck is back on ice.
11:46 of 1st period - Snap shot by Morgan Geekie.
11:46 of 1st period - Shot Blocked by Trevor van Riemsdyk.
13:18 of 1st period - Casey Cizikas is hit by Charlie McAvoy.
13:26 of 1st period - Minor Penalty to Vincent Trocheck for Tripping.
13:27 of 1st period - Joshua Norris wins face-off versus Anthony Beauvillier in Boston Bruins zone.
13:28 of 1st period - Wrist shot by Marcus Foligno.
13:28 of 1st period - Stopped by David Rittich with a rebound.
13:30 of 1st period - Slapshot by Trevor van Riemsdyk.
13:30 of 1st period - Deflect By Phil Kessel.
13:30 of 1st period - Stopped by David Rittich with a rebound.
13:38 of 1st period - Slapshot by Marcus Foligno.
13:38 of 1st period - Stopped by David Rittich without a rebound.
13:39 of 1st period - Alexander Wennberg wins face-off versus Anthony Beauvillier in Boston Bruins zone.
13:54 of 1st period - Phil Kessel is hit by Trevor van Riemsdyk and loses puck.
14:05 of 1st period - Charlie McAvoy is hit by Marcus Foligno and loses puck.
14:14 of 1st period - Wrist shot by Marcus Foligno.
14:14 of 1st period - Shot Misses the Net.
15:26 of 1st period - Penalty to Vincent Trocheck is over, Vincent Trocheck is back on ice.
15:27 of 1st period - Off-side.
15:28 of 1st period - Casey Cizikas wins face-off versus Morgan Geekie in neutral zone.
16:10 of 1st period - Snap shot by Taylor Hall.
16:10 of 1st period - Shot Misses the Net.
16:41 of 1st period - Minor Penalty to Sean Durzi for Diving.
16:42 of 1st period - Vincent Trocheck wins face-off versus Alexander Wennberg in Boston Bruins zone.
17:07 of 1st period - Vincent Trocheck is hit by Michael Raffl and loses puck.
17:12 of 1st period - Wrist shot by Marcus Foligno.
17:12 of 1st period - Goal by Marcus Foligno - Boston Bruins : 0 - Hartford Whalers : 3.
17:13 of 1st period - Vincent Trocheck wins face-off versus Alexander Wennberg in neutral zone.
18:02 of 1st period - Snap shot by Morgan Geekie.
18:02 of 1st period - Shot Blocked by Casey Cizikas.
18:04 of 1st period - Wrist shot by Brandon Hagel.
18:04 of 1st period - Stopped by Anton Forsberg with a rebound.
18:06 of 1st period - Wrist shot by Morgan Geekie.
18:06 of 1st period - Shot Blocked by Trevor van Riemsdyk.
18:08 of 1st period - Snap shot by Brock McGinn.
18:08 of 1st period - Stopped by Anton Forsberg with a rebound.
18:41 of 1st period - Snap shot by Joel Farabee.
18:41 of 1st period - Stopped by Anton Forsberg without a rebound.
18:42 of 1st period - Joshua Norris wins face-off versus Vincent Trocheck in Hartford Whalers zone.
18:47 of 1st period - Wrist shot by Taylor Hall.
18:47 of 1st period - Shot Blocked by Pavel Zacha.
19:08 of 1st period - Slapshot by Alexander Wennberg.
19:08 of 1st period - Stopped by David Rittich without a rebound.
19:09 of 1st period - Alexander Wennberg wins face-off versus Morgan Geekie in Boston Bruins zone.
19:38 of 1st period - Backhand shot by Taylor Hall.
19:38 of 1st period - Shot Misses the Net.
19:40 of 1st period - Snap shot by Taylor Hall.
19:40 of 1st period - Stopped by David Rittich with a rebound.
19:56 of 1st period - Wrist shot by Joel Farabee.
19:56 of 1st period - Shot Blocked by Thomas Chabot.
Goals for this period are 0 for Boston Bruins vs 3 for Hartford Whalers.
Shots for this period are 9 for Boston Bruins vs 11 for Hartford Whalers.
2nd period
0:01 of 2nd period - Vincent Trocheck wins face-off versus Alexander Wennberg in neutral zone.
0:06 of 2nd period - Wrist shot by Phil Kessel.
0:06 of 2nd period - Stopped by Anton Forsberg without a rebound.
0:07 of 2nd period - Alexander Wennberg wins face-off versus Vincent Trocheck in Hartford Whalers zone.
0:12 of 2nd period - Snap shot by Anthony Mantha.
0:12 of 2nd period - Deflect By Alexander Wennberg.
0:12 of 2nd period - Stopped by David Rittich with a rebound.
0:22 of 2nd period - Backhand shot by Alexander Wennberg.
0:22 of 2nd period - Shot Misses the Net.
1:03 of 2nd period - Snap shot by Kevin Labanc.
1:03 of 2nd period - Shot Blocked by Brock McGinn.
1:12 of 2nd period - Off-side.
1:13 of 2nd period - Vincent Trocheck wins face-off versus Alexander Wennberg in neutral zone.
1:45 of 2nd period - Wrist shot by Ryan Donato.
1:45 of 2nd period - Stopped by Anton Forsberg without a rebound.
1:46 of 2nd period - Vincent Trocheck wins face-off versus Joshua Norris in Hartford Whalers zone.
2:22 of 2nd period - Snap shot by Josh Anderson.
2:22 of 2nd period - Stopped by David Rittich with a rebound.
2:24 of 2nd period - Snap shot by Anthony Mantha.
2:24 of 2nd period - Goal by Anthony Mantha - Boston Bruins : 0 - Hartford Whalers : 4.
2:25 of 2nd period - Vincent Trocheck wins face-off versus Joshua Norris in neutral zone.
2:32 of 2nd period - Slapshot by Joshua Norris.
2:32 of 2nd period - Stopped by David Rittich without a rebound.
2:32 of 2nd period - Marcus Foligno and Vincent Trocheck fight to a draw.
2:32 of 2nd period - Penalty to Marcus Foligno for Fighting.
2:32 of 2nd period - Penalty to Vincent Trocheck for Fighting.
2:33 of 2nd period - Casey Cizikas wins face-off versus Mason Appleton in Boston Bruins zone.
2:36 of 2nd period - Wrist shot by Alexis Lafreniere.
2:36 of 2nd period - Shot Blocked by Samuel Girard.
2:44 of 2nd period - Slapshot by Paul Byron.
2:44 of 2nd period - Shot Misses the Net.
3:00 of 2nd period - Torey Krug is hit by Joel Farabee and loses puck.
3:23 of 2nd period - Danton Heinen is hit by Trevor van Riemsdyk.
4:07 of 2nd period - Snap shot by Alexis Lafreniere.
4:07 of 2nd period - Stopped by David Rittich with a rebound.
4:09 of 2nd period - Snap shot by Casey Cizikas.
4:09 of 2nd period - Shot Blocked by Charlie McAvoy.
4:11 of 2nd period - Slapshot by Trevor van Riemsdyk.
4:11 of 2nd period - Stopped by David Rittich with a rebound.
4:13 of 2nd period - Snap shot by Alexis Lafreniere.
4:13 of 2nd period - Shot Misses the Net.
4:15 of 2nd period - Snap shot by Paul Byron.
4:15 of 2nd period - Stopped by David Rittich with a rebound.
4:17 of 2nd period - Slapshot by Trevor van Riemsdyk.
4:17 of 2nd period - Stopped by David Rittich with a rebound.
4:19 of 2nd period - Snap shot by Alexis Lafreniere.
4:19 of 2nd period - Shot Misses the Net.
4:21 of 2nd period - Slapshot by Casey Cizikas.
4:21 of 2nd period - Stopped by David Rittich without a rebound.
4:22 of 2nd period - Joshua Norris wins face-off versus Ryan Donato in Boston Bruins zone.
4:25 of 2nd period - Wrist shot by Taylor Hall.
4:25 of 2nd period - Shot Misses the Net.
4:32 of 2nd period - Minor Penalty to Taylor Hall for Hooking.
4:33 of 2nd period - Mason Appleton wins face-off versus Casey Cizikas in Hartford Whalers zone.
5:02 of 2nd period - Slapshot by Charlie McAvoy.
5:02 of 2nd period - Stopped by Anton Forsberg without a rebound.
5:03 of 2nd period - Casey Cizikas wins face-off versus Mason Appleton in Hartford Whalers zone.
5:03 of 2nd period - Casey Cizikas is hit by Phil Kessel.
5:15 of 2nd period - Slapshot by Paul Byron.
5:15 of 2nd period - Shot Misses the Net.
5:23 of 2nd period - Sean Durzi is hit by Torey Krug and loses puck.
6:02 of 2nd period - Slapshot by Charlie McAvoy.
6:02 of 2nd period - Stopped by Anton Forsberg with a rebound.
6:32 of 2nd period - Penalty to Taylor Hall is over, Taylor Hall is back on ice.
7:13 of 2nd period - Snap shot by Danton Heinen.
7:13 of 2nd period - Shot Blocked by Alexis Lafreniere.
7:15 of 2nd period - Snap shot by Tyson Barrie.
7:15 of 2nd period - Deflect By Anthony Beauvillier.
7:15 of 2nd period - Stopped by Anton Forsberg with a rebound.
7:30 of 2nd period - Joonas Donskoi is hit by Anthony Mantha and loses puck.
7:55 of 2nd period - Wrist shot by Danton Heinen.
7:55 of 2nd period - Shot Misses the Net.
7:57 of 2nd period - Slapshot by Morgan Geekie.
7:57 of 2nd period - Shot Misses the Net.
7:59 of 2nd period - Wrist shot by Brandon Hagel.
7:59 of 2nd period - Stopped by Anton Forsberg without a rebound.
8:00 of 2nd period - Morgan Geekie wins face-off versus Casey Cizikas in Hartford Whalers zone.
8:08 of 2nd period - Icing by Alexis Lafreniere.
8:09 of 2nd period - Vincent Trocheck wins face-off versus Alexis Lafreniere in Hartford Whalers zone.
8:42 of 2nd period - Snap shot by Anthony Mantha.
8:42 of 2nd period - Shot Misses the Net.
9:00 of 2nd period - Brock McGinn is hit by Taylor Hall.
9:56 of 2nd period - Wrist shot by Josh Anderson.
9:56 of 2nd period - Shot Blocked by Matt Grzelcyk.
9:58 of 2nd period - Wrist shot by Trevor van Riemsdyk.
9:58 of 2nd period - Shot Blocked by Vincent Trocheck.
10:00 of 2nd period - Snap shot by Torey Krug.
10:00 of 2nd period - Shot Blocked by Matt Grzelcyk.
10:20 of 2nd period - Snap shot by Marcus Foligno.
10:20 of 2nd period - Shot Blocked by Victor Mete.
10:35 of 2nd period - Anthony Beauvillier is hit by Casey Cizikas and loses puck.
10:54 of 2nd period - Vincent Trocheck is hit by Michael Raffl.
11:23 of 2nd period - Snap shot by Vincent Trocheck.
11:23 of 2nd period - Stopped by Anton Forsberg without a rebound.
11:24 of 2nd period - Joel Farabee wins face-off versus Alexander Wennberg in Hartford Whalers zone.
11:29 of 2nd period - Wrist shot by Ryan Donato.
11:29 of 2nd period - Shot Misses the Net.
11:33 of 2nd period - Snap shot by Joel Farabee.
11:33 of 2nd period - Shot Blocked by Anthony Mantha.
11:35 of 2nd period - Snap shot by Ryan Donato.
11:35 of 2nd period - Stopped by Anton Forsberg with a rebound.
11:37 of 2nd period - Snap shot by Samuel Girard.
11:37 of 2nd period - Shot Misses the Net.
11:39 of 2nd period - Wrist shot by Samuel Girard.
11:39 of 2nd period - Stopped by Anton Forsberg with a rebound.
12:13 of 2nd period - Wrist shot by Alexis Lafreniere.
12:13 of 2nd period - Shot Misses the Net.
12:17 of 2nd period - Snap shot by Paul Byron.
12:17 of 2nd period - Deflect By Alexis Lafreniere.
12:17 of 2nd period - Shot Misses the Net.
12:17 of 2nd period - Puck is out of play.
12:18 of 2nd period - Alexander Wennberg wins face-off versus Ryan Donato in Boston Bruins zone.
12:19 of 2nd period - Slapshot by Anthony Mantha.
12:19 of 2nd period - Stopped by David Rittich with a rebound.
12:41 of 2nd period - Snap shot by Tyson Barrie.
12:41 of 2nd period - Deflect By Thomas Chabot.
12:41 of 2nd period - Stopped by Anton Forsberg with a rebound.
12:49 of 2nd period - Minor Penalty to Thomas Chabot for Hooking.
12:50 of 2nd period - Paul Byron wins face-off versus Ryan Donato in Hartford Whalers zone.
14:49 of 2nd period - Penalty to Thomas Chabot is over, Thomas Chabot is back on ice.
15:05 of 2nd period - Snap shot by Sean Durzi.
15:05 of 2nd period - Stopped by Anton Forsberg without a rebound.
15:06 of 2nd period - Morgan Geekie wins face-off versus Joshua Norris in Hartford Whalers zone.
15:07 of 2nd period - Wrist shot by Brandon Hagel.
15:07 of 2nd period - Deflect By Brock McGinn.
15:07 of 2nd period - Shot Misses the Net.
15:07 of 2nd period - Puck is out of play.
15:08 of 2nd period - Morgan Geekie wins face-off versus Joshua Norris in Hartford Whalers zone.
15:09 of 2nd period - Snap shot by Brandon Hagel.
15:09 of 2nd period - Stopped by Anton Forsberg with a rebound.
15:11 of 2nd period - Snap shot by Brock McGinn.
15:11 of 2nd period - Shot Hit the Post.
15:12 of 2nd period - Morgan Geekie beats up Marcus Foligno.
15:12 of 2nd period - Penalty to Marcus Foligno for Fighting.
15:12 of 2nd period - Penalty to Morgan Geekie for Fighting.
15:13 of 2nd period - Vincent Trocheck wins face-off versus Alexander Wennberg in Hartford Whalers zone.
15:40 of 2nd period - Charlie McAvoy is hit by Thomas Chabot and loses puck.
16:07 of 2nd period - Jaccob Slavin is hit by Joonas Donskoi and loses puck.
16:40 of 2nd period - Slapshot by Joshua Norris.
16:40 of 2nd period - Stopped by David Rittich with a rebound.
16:42 of 2nd period - Snap shot by Thomas Chabot.
16:42 of 2nd period - Shot Blocked by Matt Grzelcyk.
16:44 of 2nd period - Snap shot by Taylor Hall.
16:44 of 2nd period - Shot Misses the Net.
16:46 of 2nd period - Wrist shot by Taylor Hall.
16:46 of 2nd period - Stopped by David Rittich with a rebound.
17:25 of 2nd period - Snap shot by Joshua Norris.
17:25 of 2nd period - Stopped by David Rittich with a rebound.
17:39 of 2nd period - Wrist shot by Joel Farabee.
17:39 of 2nd period - Deflect By Ryan Donato.
17:39 of 2nd period - Stopped by Anton Forsberg with a rebound.
17:57 of 2nd period - Snap shot by Taylor Hall.
17:57 of 2nd period - Deflect By Ryan Donato.
17:57 of 2nd period - Goal by Taylor Hall - Boston Bruins : 0 - Hartford Whalers : 5.
17:58 of 2nd period - Vincent Trocheck wins face-off versus Alexander Wennberg in neutral zone.
18:01 of 2nd period - Slapshot by Samuel Girard.
18:01 of 2nd period - Stopped by Anton Forsberg with a rebound.
18:03 of 2nd period - Snap shot by Phil Kessel.
18:03 of 2nd period - Shot Blocked by Anthony Mantha.
18:05 of 2nd period - Slapshot by Samuel Girard.
18:05 of 2nd period - Shot Blocked by Trevor van Riemsdyk.
18:07 of 2nd period - Slapshot by Samuel Girard.
18:07 of 2nd period - Stopped by Anton Forsberg without a rebound.
18:08 of 2nd period - Alexander Wennberg wins face-off versus Vincent Trocheck in Hartford Whalers zone.
18:30 of 2nd period - Wrist shot by Vincent Trocheck.
18:30 of 2nd period - Stopped by Anton Forsberg with a rebound.
18:32 of 2nd period - Snap shot by Vincent Trocheck.
18:32 of 2nd period - Stopped by Anton Forsberg with a rebound.
18:34 of 2nd period - Slapshot by Samuel Girard.
18:34 of 2nd period - Shot Blocked by Torey Krug.
18:36 of 2nd period - Wrist shot by Pavel Zacha.
18:36 of 2nd period - Stopped by Anton Forsberg with a rebound.
18:38 of 2nd period - Wrist shot by Samuel Girard.
18:38 of 2nd period - Shot Blocked by Alexander Wennberg.
18:46 of 2nd period - Wrist shot by Vincent Trocheck.
18:46 of 2nd period - Stopped by Anton Forsberg without a rebound.
18:47 of 2nd period - Casey Cizikas wins face-off versus Mason Appleton in Hartford Whalers zone.
18:51 of 2nd period - Off-side.
18:52 of 2nd period - Casey Cizikas wins face-off versus Mason Appleton in neutral zone.
18:54 of 2nd period - Minor Penalty to Casey Cizikas for Hooking.
18:55 of 2nd period - Vincent Trocheck wins face-off versus Kevin Labanc in Hartford Whalers zone.
Goals for this period are 0 for Boston Bruins vs 2 for Hartford Whalers.
Shots for this period are 19 for Boston Bruins vs 14 for Hartford Whalers.
3rd period
0:01 of 3rd period - Vincent Trocheck wins face-off versus Paul Byron in neutral zone.
0:06 of 3rd period - Paul Byron is hit by Phil Kessel and loses puck.
0:12 of 3rd period - Penalty to Marcus Foligno is over, Marcus Foligno is back on ice.
0:38 of 3rd period - Snap shot by Phil Kessel.
0:38 of 3rd period - Goal by Phil Kessel - Boston Bruins : 1 - Hartford Whalers : 5.
0:39 of 3rd period - Alexander Wennberg wins face-off versus Ryan Donato in neutral zone.
0:42 of 3rd period - Backhand shot by Josh Anderson.
0:42 of 3rd period - Shot Misses the Net.
0:44 of 3rd period - Slapshot by Anthony Mantha.
0:44 of 3rd period - Goal by Anthony Mantha - Boston Bruins : 1 - Hartford Whalers : 6.
0:45 of 3rd period - Alexander Wennberg wins face-off versus Vincent Trocheck in neutral zone.
1:53 of 3rd period - Slapshot by Alexis Lafreniere.
1:53 of 3rd period - Stopped by David Rittich with a rebound.
1:55 of 3rd period - Slapshot by Torey Krug.
1:55 of 3rd period - Shot Misses the Net.
1:57 of 3rd period - Backhand shot by Paul Byron.
1:57 of 3rd period - Stopped by David Rittich with a rebound.
1:59 of 3rd period - Wrist shot by Casey Cizikas.
1:59 of 3rd period - Shot Misses the Net.
2:01 of 3rd period - Wrist shot by Trevor van Riemsdyk.
2:01 of 3rd period - Stopped by David Rittich without a rebound.
2:02 of 3rd period - Ryan Donato wins face-off versus Anthony Mantha in Boston Bruins zone.
2:02 of 3rd period - Ryan Donato is hit by Anthony Mantha.
2:42 of 3rd period - Minor Penalty to Haydn Fleury for Roughing.
2:43 of 3rd period - Vincent Trocheck wins face-off versus Paul Byron in Hartford Whalers zone.
2:50 of 3rd period - Slapshot by Phil Kessel.
2:50 of 3rd period - Deflect By Thomas Chabot.
2:50 of 3rd period - Shot Misses the Net.
2:50 of 3rd period - Puck is out of play.
2:51 of 3rd period - Vincent Trocheck wins face-off versus Paul Byron in Hartford Whalers zone.
3:06 of 3rd period - Snap shot by Phil Kessel.
3:06 of 3rd period - Stopped by Anton Forsberg with a rebound.
4:42 of 3rd period - Penalty to Haydn Fleury is over, Haydn Fleury is back on ice.
4:55 of 3rd period - Slapshot by Brock McGinn.
4:55 of 3rd period - Stopped by Anton Forsberg without a rebound.
4:56 of 3rd period - Brandon Hagel wins face-off versus Alexander Wennberg in Hartford Whalers zone.
4:57 of 3rd period - Snap shot by Morgan Geekie.
4:57 of 3rd period - Stopped by Anton Forsberg without a rebound.
4:58 of 3rd period - Morgan Geekie wins face-off versus Alexander Wennberg in Hartford Whalers zone.
5:15 of 3rd period - Snap shot by Brandon Hagel.
5:15 of 3rd period - Stopped by Anton Forsberg with a rebound.
6:02 of 3rd period - Alec Martinez is hit by Brock McGinn and loses puck.
6:51 of 3rd period - Wrist shot by Alexander Wennberg.
6:51 of 3rd period - Stopped by David Rittich with a rebound.
7:18 of 3rd period - Icing by Haydn Fleury.
7:19 of 3rd period - Vincent Trocheck wins face-off versus Alexander Wennberg in Hartford Whalers zone.
7:24 of 3rd period - Slapshot by Phil Kessel.
7:24 of 3rd period - Stopped by Anton Forsberg without a rebound.
7:24 of 3rd period - Josh Anderson beats up Vincent Trocheck.
7:24 of 3rd period - Penalty to Josh Anderson for Fighting.
7:24 of 3rd period - Penalty to Vincent Trocheck for Fighting.
7:25 of 3rd period - Casey Cizikas wins face-off versus Mason Appleton in Hartford Whalers zone.
7:27 of 3rd period - Minor Penalty to Trevor van Riemsdyk for Tripping.
7:28 of 3rd period - Paul Byron wins face-off versus Mason Appleton in Hartford Whalers zone.
7:44 of 3rd period - Wrist shot by Pavel Zacha.
7:44 of 3rd period - Goal by Pavel Zacha - Boston Bruins : 2 - Hartford Whalers : 6.
7:45 of 3rd period - Casey Cizikas wins face-off versus Mason Appleton in neutral zone.
8:00 of 3rd period - Snap shot by Torey Krug.
8:00 of 3rd period - Stopped by David Rittich with a rebound.
8:31 of 3rd period - Michael Raffl is hit by Mason Appleton and loses puck.
8:52 of 3rd period - Joshua Norris is hit by Tyson Barrie and loses puck.
9:14 of 3rd period - Icing by Pavel Zacha.
9:15 of 3rd period - Michael Raffl wins face-off versus Anthony Beauvillier in Boston Bruins zone.
10:44 of 3rd period - Snap shot by Taylor Hall.
10:44 of 3rd period - Shot Misses the Net.
11:37 of 3rd period - Backhand shot by Samuel Girard.
11:37 of 3rd period - Stopped by Anton Forsberg without a rebound.
11:38 of 3rd period - Michael Raffl wins face-off versus Mason Appleton in Hartford Whalers zone.
12:20 of 3rd period - Joel Farabee is hit by Paul Byron and loses puck.
12:33 of 3rd period - Slapshot by Joonas Donskoi.
12:33 of 3rd period - Shot Misses the Net.
12:35 of 3rd period - Wrist shot by Ryan Donato.
12:35 of 3rd period - Stopped by Anton Forsberg with a rebound.
12:37 of 3rd period - Slapshot by Matt Grzelcyk.
12:37 of 3rd period - Shot Misses the Net.
12:39 of 3rd period - Slapshot by Matt Grzelcyk.
12:39 of 3rd period - Stopped by Anton Forsberg without a rebound.
12:40 of 3rd period - Joshua Norris wins face-off versus Vincent Trocheck in Hartford Whalers zone.
12:51 of 3rd period - Wrist shot by Vincent Trocheck.
12:51 of 3rd period - Shot Misses the Net.
13:10 of 3rd period - Snap shot by Brandon Hagel.
13:10 of 3rd period - Deflect By Brock McGinn.
13:10 of 3rd period - Goal by Brock McGinn - Boston Bruins : 3 - Hartford Whalers : 6.
13:11 of 3rd period - Vincent Trocheck wins face-off versus Joshua Norris in neutral zone.
13:24 of 3rd period - Snap shot by Taylor Hall.
13:24 of 3rd period - Deflect By Marcus Foligno.
13:24 of 3rd period - Shot Misses the Net.
13:24 of 3rd period - Puck is out of play.
13:25 of 3rd period - Casey Cizikas wins face-off versus Vincent Trocheck in Boston Bruins zone.
13:37 of 3rd period - Icing by Samuel Girard.
13:38 of 3rd period - Vincent Trocheck wins face-off versus Joshua Norris in Boston Bruins zone.
13:38 of 3rd period - Trevor van Riemsdyk and Charlie McAvoy fight to a draw.
13:38 of 3rd period - Penalty to Trevor van Riemsdyk for Fighting.
13:38 of 3rd period - Penalty to Charlie McAvoy for Fighting.
13:39 of 3rd period - Vincent Trocheck wins face-off versus Joshua Norris in Boston Bruins zone.
13:52 of 3rd period - Snap shot by Taylor Hall.
13:52 of 3rd period - Shot Blocked by Matt Grzelcyk.
14:08 of 3rd period - Haydn Fleury is hit by Joel Farabee.
14:14 of 3rd period - Wrist shot by Paul Byron.
14:14 of 3rd period - Stopped by David Rittich with a rebound.
15:57 of 3rd period - Josh Anderson is hit by Samuel Girard and loses puck.
16:13 of 3rd period - Anthony Mantha is hit by Brock McGinn and loses puck.
16:18 of 3rd period - Snap shot by Morgan Geekie.
16:18 of 3rd period - Stopped by Anton Forsberg with a rebound.
16:24 of 3rd period - Slapshot by Thomas Chabot.
16:24 of 3rd period - Stopped by David Rittich with a rebound.
16:26 of 3rd period - Wrist shot by Josh Anderson.
16:26 of 3rd period - Stopped by David Rittich with a rebound.
16:28 of 3rd period - Snap shot by Anthony Mantha.
16:28 of 3rd period - Shot Misses the Net.
16:30 of 3rd period - Slapshot by Torey Krug.
16:30 of 3rd period - Shot Blocked by Matt Grzelcyk.
16:32 of 3rd period - Snap shot by Alexander Wennberg.
16:32 of 3rd period - Shot Blocked by Matt Grzelcyk.
16:34 of 3rd period - Snap shot by Anthony Mantha.
16:34 of 3rd period - Shot Misses the Net.
16:36 of 3rd period - Snap shot by Anthony Mantha.
16:36 of 3rd period - Deflect By Josh Anderson.
16:36 of 3rd period - Shot Blocked by Victor Mete.
16:36 of 3rd period - Puck is out of play.
16:37 of 3rd period - Marcus Foligno wins face-off versus Vincent Trocheck in Boston Bruins zone.
16:54 of 3rd period - Taylor Hall is hit by Phil Kessel.
17:06 of 3rd period - Snap shot by Joel Farabee.
17:06 of 3rd period - Shot Blocked by Jaccob Slavin.
17:12 of 3rd period - Joonas Donskoi is hit by Casey Cizikas and loses puck.
17:41 of 3rd period - Joel Farabee is hit by Alec Martinez and loses puck.
18:06 of 3rd period - Icing by Alexis Lafreniere.
18:07 of 3rd period - Casey Cizikas wins face-off versus Danton Heinen in Hartford Whalers zone.
18:07 of 3rd period - Casey Cizikas is hit by Danton Heinen.
19:53 of 3rd period - Off-side.
19:54 of 3rd period - Vincent Trocheck wins face-off versus Alexander Wennberg in neutral zone.
Goals for this period are 3 for Boston Bruins vs 1 for Hartford Whalers.
Shots for this period are 12 for Boston Bruins vs 9 for Hartford Whalers.
Back to the Top